 Dungeon Crawl Stone Soup version 0.19-a0-1908-g43c011f (webtiles) character file.

26 Leszczynek the Cudgeler (level 3, 3/36 HPs)
             Began as an Ogre Warper on Oct 22, 2016.
             Quit the game on level 2 of the Dungeon.
             The game lasted 00:01:41 (311 turns).

Leszczynek the Cudgeler (Ogre Warper)                Turns: 311, Time: 00:01:42

Health: 3/36       AC:  3    Str: 16    XL:     3   Next: 8%
Magic:  6/6        EV: 10    Int: 12    God:
Gold:   40         SH:  0    Dex: 10    Spells: 0 memorised, 6 levels left

rFire  . . .     SeeInvis .     a - +0 mace
rCold  . . .     Gourm    .     b - +0 robe
rNeg   . . .     Faith    .     (no shield)
rPois  .         Spirit   .     (helmet restricted)
rElec  .         Reflect  .     (no cloak)
rCorr  .         Harm     .     (gloves unavailable)
MR     .....                    (boots unavailable)
Stlth  +.........               (no amulet)
                                (no ring)
                                (no ring)

@: lethally poisoned (3 -> -1)
A: unfitting armour, tough skin 1
a: no special abilities


You were on level 2 of the Dungeon.
You were not hungry.

You visited 1 branch of the dungeon, and saw 2 of its levels.

You collected 40 gold pieces.

Inventory:

Hand Weapons
 a - a +0 mace (weapon)
Missiles
 e - 5 tomahawks of dispersal (quivered)
Armour
 b - a +0 robe (worn)
Scrolls
 f - a scroll of blinking
 h - a scroll of remove curse {unknown}
 i - 3 scrolls of fog {unknown}
 j - a scroll of noise {unknown}
 k - 2 scrolls of identify {unknown}
 l - a scroll of teleportation {unknown}
 m - a scroll of magic mapping {unknown}
Books
 c - a book of Spatial Translocations

   Spells                             Type                      Level
   a - Blink                          Translocation                2
   b - Shroud of Golubria             Charms/Translocation         2
   c - Lesser Beckoning               Translocation                3
   d - Portal Projectile              Translocation                3
   e - Teleport Other                 Translocation                3
   f - Passage of Golubria            Translocation                4
Comestibles
 d - a bread ration
 g - 4 chunks of flesh


   Skills:
 - Level 2.6 Fighting
 + Level 4.6 Maces & Flails
 - Level 1.0 Throwing
 - Level 2.1 Dodging
 - Level 2.4 Spellcasting
   Level 2.1 Translocations


You had 6 spell levels left.
You didn't know any spells.

Dungeon Overview and Level Annotations

Branches:
Dungeon (2/15)

Altars:


Innate Abilities, Weirdness & Mutations

You are too large for most types of armour.
You have tough skin. (AC +1)


Message History

* * * LOW HITPOINT WARNING * * *
The adder closely misses you.
Some of the chunks of flesh in your inventory have rotted away.
You closely miss the adder.
The adder is severely wounded.
The adder bites you.
* * * LOW HITPOINT WARNING * * *
You aren't carrying any potions.
You hit the adder.
You kill the adder!
You have reached level 3!
Your experience leads to an increase in your attributes!
Increase (S)trength, (I)ntelligence, or (D)exterity?
You feel agile.
You feel stronger.
* * * LOW HITPOINT WARNING * * *
You feel sick.
Unknown command.
Okay, then.
You aren't carrying any potions.
Are you sure you want to abandon this character and quit the game? (Confirm with "yes".)

#...####.#...
>#
#.......###...
#.......#
.....
#.......# .##.
#.......# #
#.......#
#.......#
###.......#
##.@.#######
#.#.....##
#........#
#..........#
###........#
....#.....##
######...##
##... #####


There were no monsters in sight!

Vanquished Creatures
  An adder (D:2)
  A dart slug (D:1)
  A giant cockroach (D:1)
  A goblin (D:1)
  A hobgoblin (D:1)
  3 kobolds (D:1)
  5 bats (D:1)
  3 rats (D:1)
16 creatures vanquished.

Notes
Turn   | Place    | Note
-------+----------+-------------------------------------------
     0 | D:1      | Leszczynek the Ogre Warper began the quest for the Orb.
     0 | D:1      | Reached XP level 1. HP: 22/22 MP: 3/3
    31 | D:1      | Reached skill level 3 in Maces & Flails
    94 | D:1      | Reached XP level 2. HP: 26/29 MP: 5/5
   175 | D:1      | Reached skill level 4 in Maces & Flails
   310 | D:2      | Reached XP level 3. HP: 4/36 MP: 6/6
   310 | D:2      | HP: 3/36 [poisoned by an adder]
   311 | D:2      | Quit the game

Vault maps used:
D:1:      elethiomel_arrival_quiet, minivault_24
D:2:      uniq_crazy_yiuf_cottage

Skill      XL: |  1  2 |
---------------+-------+-----
Maces & Flails | 3 4 |  4.6
Fighting       | |  2.6
Throwing       | |  1.0
Dodging        | |  2.1
Spellcasting   | |  2.4
Translocations | |  2.1

Action                   || total
-------------------------++-------
Melee: Mace              ||    64
Armor: Robe              ||    32
Dodge: Dodged            ||    55
